AoeStats
← Jokerwin

Arabia

504913054Analyzed
4v4 RM · 24d ago on Sep 7, 2026· 47m 1s· 8 players
Game mode
Random Map
Map size
Large (8 player)
Population
200
Speed
Normal
Resources
Standard
Victory
Conquest
Starting age
Dark Age
Ending age
Imperial Age
RankedLock teamsTeams togetherTeam positionsShared explorationLock speedFull tech treeHidden civsTurbo modeCheats
Victory
Defeat
🇻🇪 Huns · Venezuela
1370
+12
🇨🇱 Ethiopians · Chile
1340
+13
🇲🇽 Cumans · Mexico
1324
+13
🇦🇷 Mongols · Argentina
1307
+14
🇦🇷 Ethiopians · Argentina
1323
-15
🇦🇷 Britons · Argentina
1261
-13
🇦🇷 Berbers · Argentina
1248
-12
🇦🇷 Persians · Argentina
1241
-12
MZTK | HUMANOID
2:11 Loom
9:33 Feudal Age
20:28 Double-Bit Axe
22:12 Forging
27:14 Castle Age
25:51 Wheelbarrow
25:29 Scale Barding Armor
25:36 Gold Mining
25:34 Horse Collar
27:06 Bloodlines
28:20 Chain Barding Armor
27:27 Light Cavalry
31:08 Capped Ram
32:30 Gold Shaft Mining
35:46 Iron Casting
35:34 Town Watch
41:44 Imperial Age
40:58 Stone Mining
42:42 Hand Cart
43:04 Plate Barding Armor
41:51 Cavalier
42:54 Bow Saw
42:45 Heavy Plow
42:48 Town Patrol
43:50 Blast Furnace
43:23 Paladin
45:44 Fletching
46:25 Siege Ram
Jokerwin
5:10 Loom
11:14 Feudal Age
16:49 Castle Age
15:55 Double-Bit Axe
16:33 Fletching
22:46 Crossbowman
26:27 Bow Saw
27:13 Bodkin Arrow
Potro Occidental
9:05 Feudal Age
7:23 Loom
9:08 Feudal Age
10:11 Double-Bit Axe
10:07 Horse Collar
15:38 Scale Barding Armor
17:51 Bloodlines
21:55 Castle Age
22:09 Forging
21:57 Light Cavalry
24:08 Bow Saw
28:01 Gold Mining
29:45 Iron Casting
30:26 Heavy Plow
31:15 Wheelbarrow
33:49 Chain Barding Armor
33:24 Fletching
34:45 Hand Cart
35:41 Stone Mining
36:47 Gold Shaft Mining
42:09 Imperial Age
42:14 Cavalier
42:55 Husbandry
43:31 Plate Barding Armor
Gabito
6:43 Loom
9:30 Feudal Age
10:26 Double-Bit Axe
17:43 Fletching
18:16 Padded Archer Armor
20:21 Wheelbarrow
20:04 Gold Mining
24:56 Castle Age
25:03 Crossbowman
25:40 Bodkin Arrow
25:37 Horse Collar
26:23 Bow Saw
26:32 Leather Archer Armor
27:45 Hand Cart
29:27 Ballistics
29:54 Town Watch
30:36 Thumb Ring
32:13 Heavy Plow
32:37 Stone Mining
35:41 Gold Shaft Mining
37:10 Town Patrol
43:47 Imperial Age
45:38 Imperial Age
46:04 Scale Mail Armor
46:14 Forging
46:07 Squires
45:41 Arbalester
47:03 Ring Archer Armor
46:36 Bracer
46:23 Arson
47:50 Chemistry
47:53 Chain Mail Armor
48:13 Iron Casting
Mr. Mencho Bruno
5:36 Loom
10:34 Feudal Age
21:30 Town Watch
26:13 Castle Age
24:40 Double-Bit Axe
25:49 Gold Mining
26:06 Fletching
26:17 Padded Archer Armor
26:41 Crossbowman
30:50 Bodkin Arrow
31:28 Bow Saw
Rocoelhuron
7:56 Loom
10:26 Feudal Age
11:39 Horse Collar
13:44 Double-Bit Axe
17:10 Wheelbarrow
22:09 Castle Age
20:50 Forging
20:46 Scale Barding Armor
20:35 Gold Mining
21:16 Bloodlines
23:20 Chain Barding Armor
23:13 Husbandry
26:27 Heavy Plow
29:41 Iron Casting
36:28 Fletching
Mancov
7:02 Loom
9:52 Feudal Age
10:47 Double-Bit Axe
11:41 Horse Collar
18:33 Wheelbarrow
18:12 Scale Barding Armor
22:05 Castle Age
20:22 Gold Mining
21:29 Bloodlines
27:05 Bow Saw
27:28 Chain Barding Armor
31:07 Husbandry
31:21 Town Watch
32:28 Hand Cart
37:17 Forging
39:02 Iron Casting
40:05 Fletching
43:28 Bodkin Arrow
Ilum | SaSa
6:43 Loom
9:02 Feudal Age
9:50 Double-Bit Axe
15:11 Fletching
28:13 Castle Age
28:17 Crossbowman
29:00 Bodkin Arrow
44:23 Imperial Age
45:11 Wheelbarrow
44:49 Bow Saw
Connection lost

Rejoining the realm…

Still unreachable

The connection could not be restored.

Session expired

The server has moved on; the page needs a fresh start.